 Dungeon Crawl Stone Soup version 0.28-a0-1429-gf3d713df7a (webtiles) character file.

Game seed: 6660091424502940413

134934 wakim the Stormcaller (level 17, -16/95 HPs)
             Began as a Tengu Air Elementalist on Jan 6, 2022.
             Was the Champion of Hepliaklqana.
             Killed from afar by Nikola (53 damage)
             ... with an arc of chain lightning
             ... on level 1 of the Swamp on Jan 8, 2022.
             The game lasted 02:40:27 (33672 turns).

wakim the Stormcaller (Tengu Air Elementalist)     Turns: 33672, Time: 02:40:28

Health: -16/95     AC: 14    Str:  9    XL:     17   Next: 18%
Magic:  30/30      EV: 12    Int: 26    God:    Hepliaklqana [******]
Gold:   1192       SH:  0    Dex: 15    Spells: 10/32 levels left

rFire   + . .      SeeInvis .   b - +8 storm bow {elec, penet}
rCold   + . .      Faith    .   (shield currently unavailable)
rNeg    . . .      Spirit   .   n - +6 ring mail "Lacorode" {rC+}
rPois   +          Reflect  .   (helmet restricted)
rElec   .          Harm     .   I - +0 cloak
rCorr   .          Rampage  .   (no gloves)
Will    +....                   (boots unavailable)
Stlth   +.........              P - amulet of regeneration
HPRegen 1.05/turn               s - ring of poison resistance
MPRegen 0.22/turn               f - ring of Pomeola {rF+ Int+3}

@: flying quickly and evasively, quick
A: reduced essence, beak, talons 3, nimble flight
a: Renounce Religion, Recall Ancestor, Ancestor Identity, Transference, Idealise


You were on level 1 of the Swamp.
You worshipped Hepliaklqana.
Hepliaklqana was exalted by your worship.
You visited 4 branches of the dungeon, and saw 24 of its levels.
You also visited: Ossuary, Gauntlet and Volcano.

You collected 2135 gold pieces.
You spent 943 gold pieces at shops.

Inventory:

Hand Weapons
 a - the +3 trident "Ritreutz" {drain, rPois rCorr}
   (You found it on level 6 of the Lair of Beasts)

   A truly terrible weapon, it drains the life of any living foe it strikes.
   rPois:     It protects you from poison.
   rCorr:     It protects you from acid and corrosion.
 b - the +8 storm bow (weapon) {elec, penet}
   (You found it on level 6 of the Lair of Beasts)

   Any ammunition fired from it occasionally discharges a powerful burst of
   electricity upon striking a foe.
   Any ammunition fired by it passes through the targets it hits, potentially
   hitting all targets in its path until it reaches maximum range.
Missiles
 d - 4 throwing nets {=f!f}
 e - 3 curare-tipped darts {=f}
 j - 496 arrows (quivered ammo)
Armour
 c - the +1 buckler "Yra Yrus" {Will+ rCorr Str+4}
   (You took it off a spriggan rider on level 1 of the Swamp)

   Str:       It affects your strength (+4).
   rCorr:     It protects you from acid and corrosion.
   Will:      It increases your willpower.
 i - the +2 leather armour "Bouhugho" {rF+ Regen+ Str+4}
   (You found it on level 12 of the Dungeon)

   Str:       It affects your strength (+4).
   rF:        It protects you from fire.
   Regen:     It increases your rate of health regeneration.
 n - the +6 ring mail "Lacorode" (worn) {rC+}
   (You found it on level 2 of the Dungeon)

   rC:        It protects you from cold.
 I - a +0 cloak (worn)
Jewellery
 f - the ring of Pomeola (right hand) {rF+ Int+3}
   (You found it in a Gauntlet)

   [ring of protection from fire]

   Int:       It affects your intelligence (+3).
   rF:        It protects you from fire.
 g - a ring of ice
 h - a +6 ring of intelligence
 p - a +4 ring of evasion
 q - a ring of see invisible
 s - a ring of poison resistance (left hand)
 E - a ring of wizardry
 P - an amulet of regeneration (around neck)
Wands
 t - a wand of digging (18)
 u - a wand of mindburst (32)
 v - a wand of flame (22)
 w - a wand of acid (20)
 x - a wand of charming (9)
 y - a wand of paralysis (14)
 z - a wand of polymorph (6)
 G - a wand of iceblast (7)
Scrolls
 m - 6 scrolls of amnesia
 r - 10 scrolls of identify
 Q - 5 scrolls of enchant armour
 R - 3 scrolls of magic mapping {!r}
 T - 7 scrolls of teleportation
 U - 5 scrolls of fear
 V - 2 scrolls of vulnerability {!r!r}
 W - 2 scrolls of holy word
 X - 5 scrolls of fog
 Y - 3 scrolls of blinking {!r}
 Z - a scroll of silence {!r}
Potions
 A - 3 potions of ambrosia
 B - 4 potions of attraction {!q}
 C - 2 potions of berserk rage {!q}
 D - 6 potions of brilliance
 F - 7 potions of curing
 H - 3 potions of haste
 J - 2 potions of heal wounds
 L - 5 potions of lignification {!q}
 M - 3 potions of mutation {!q}
 N - 3 potions of might
 O - 3 potions of resistance
Miscellaneous
 k - a piece from Xom's chessboard (15/15)
 l - a condenser vane
 S - a box of beasts


   Skills:
 - Level 12.0 Fighting
 * Level 11.9 Bows
 - Level 8.0 Armour
 - Level 2.1 Dodging
 - Level 2.0 Stealth
 - Level 8.0 Spellcasting
 - Level 16.3 Conjurations
 + Level 1.3 Transmutations
 + Level 1.9 Fire Magic
 - Level 6.0 Ice Magic
 - Level 18.6 Air Magic
 + Level 1.6 Poison Magic
 - Level 12.0 Invocations


You had 10 spell levels left.
You knew the following spells:

 Your Spells              Type           Power      Damage    Failure   Level
a - Ignite Poison         Fire/Tmut/Pois 18%        N/A       21%         3
b - Airstrike             Air            41%        N/A       1%          4
c - Freezing Cloud        Conj/Ice/Air   34%        6-21      1%          5
d - Static Discharge      Conj/Air       79%        N/A       0%          2
f - Mephitic Cloud        Conj/Pois/Air  65%        N/A       1%          3
s - Swiftness             Air            82%        N/A       1%          3
x - Poisonous Vapours     Pois/Air       100%       N/A       1%          2

Your spell library contained the following spells:

 Spells                   Type           Power      Damage    Failure   Level
 Shock                    Conj/Air       100%       1d9       0%          1
 Foxfire                  Conj/Fire      100%       2x1d9     1%          1
 Conjure Flame            Conj/Fire      55%        6-21      1%          3
 Hailstorm                Conj/Ice       62%        3d13      1%          4
 Frozen Ramparts          Ice            82%        1d10      3%          3
 Flame Wave               Conj/Fire      55%        2d9       3%          4
 Fulminant Prism          Conj/Hex       26%        3d14      4%          4
 Iskenderun's Mystic Bla  Conj/Tloc      52%        2d11      4%          4
 Ensorcelled Hibernation  Hex/Ice        52%        N/A       6%          2
 Sting                    Tmut/Pois      72%        1d6       8%          1
 Slow                     Hex            40%        N/A       13%         1
 Spider Form              Tmut/Pois      18%        N/A       22%         3
 Inner Flame              Hex/Fire       15%        N/A       26%         3
 Ice Form                 Ice/Tmut       29%        N/A       30%         4
 Confusing Touch          Hex            10%        N/A       36%         3
 Vampiric Draining        Necr           10%        2d6       36%         3
 Summon Ice Beast         Ice/Summ       26%        N/A       36%         4
 Olgreb's Toxic Radiance  Pois           18%        N/A       56%         4
 Lee's Rapid Deconstruct  Erth           5%         3d7*      98%         5
 Simulacrum               Ice/Necr       13%        N/A       99%         6


Dungeon Overview and Level Annotations

Branches:
Dungeon (15/15)              Lair (6/6) D:9           Swamp (1/4) Lair:3
 Spider (0/4) Lair:4        Slime (0/5) Lair:6          Orc (2/2) D:12
    Elf (0/3) Orc:2        Vaults (0/5) D:13         Depths (0/4) D:15
Ossuary (visited)         Volcano (visited)         Gauntlet (visited)
 Temple: D:4-7

Altars:
Ashenzari
Cheibriados
Dithmenos
Fedhas
Gozag
Hepliaklqana
Nemelex Xobeh
Sif Muna
Trog
Uskayaw
Wu Jian
Xom
Yredelemnul
The Shining One
Beogh
Jiyva

Shops:
D:1 :   D:12 [   D:14 (   D:15 !   Orc:2 *[=(

Portals:
Trove: D:15 (give 12 potions of heal wounds)

Annotations:
D:14 2 transporters, Ziatichuqu's ghost, journeyman DsFi
Swamp:1 Nikola


Innate Abilities, Weirdness & Mutations

Your life essence is reduced to manifest your ancestor. (-10% HP)
You have a beak for a mouth.
You have claws for feet.
Your magical nature lets you fly swiftly and evasively.


Message History

Confirm with . or Enter, or press ? or * to list all spells.
You don't have enough magic to cast this spell.
Unknown command.
Nikola drinks a potion.
Nikola seems to speed up.
Nikola casts a spell.
Nikola blinks!
What are your orders? t - Shout!
Orders for allies: a - Attack new target. r - Retreat! s - Stop attacking. g - Guard the area. f - Follow me.
Anything else - Cancel.
Gang up on whom?
Press: ? - help, Dir - move target, f - Nikola
Aim: Nikola, wielding a +0 rapier of electrocution, wearing a +1 cloak of willpower and wearing a +0 pair of gloves (severely wounded, fast, ally target) Attack!
Shatamurrim hits Nikola with a +0 broad axe of flaming!!
Shatamurrim burns Nikola.
Nikola casts a spell.
Lightning arcs from Nikola's hands!
The bolt of lightning hits Nikola!
A bolt of lightning appears from out of your range of vision.
The bolt of lightning hits you!!
Shatamurrim hits Nikola with a +0 broad axe of flaming.
Shatamurrim burns Nikola.
Nikola points at Shatamurrim and mumbles some strange words.
The bolt of lightning hits Shatamurrim!!!
Shatamurrim is destroyed!
The mangrove smoulders and burns.
You see here an eleionoma skeleton.
Nikola mumbles some strange words.
Lightning arcs from Nikola's hands!
The bolt of lightning hits you!!!
* * * LOW HITPOINT WARNING * * *
Casting: Freezing Cloud (dangerous; 1% risk of failure)
Confirm with . or Enter, or press ? or * to list all spells.
You don't have enough magic to cast this spell.
Magic courses through your body.
Nikola mumbles some strange words.
Lightning arcs from Nikola's hands!
The bolt of lightning hits you!!!
Ouch! That really hurt!
You die...

≈.[.)...♣≈♣§≈≈≈≈..........♣
≈..♣)..≈.≈.≈≈§....≈....≈..♣
≈..♣♣≈♣......♣........≈≈.≈♣
.....≈♣♣.♣≈≈≈.♣≈.§≈......♣♣
.♣.≈≈.....≈≈.≈..≈.≈≈...≈.≈♣
≈..≈≈≈≈).≈§......≈..≈..≈..♣
≈....≈≈≈≈.≈.≈≈..÷≈....≈≈.≈♣
≈≈...≈≈≈≈♣♣.....≈..§≈....♣♣
≈≈≈.≈.≈..≈≈.@÷..@.≈..≈..♣♣
≈≈≈.....♣♣☼.≈.......≈...♣♣
≈≈≈≈...≈♣♣♣♣♣≈≈≈.≈≈......♣
..≈....♣♣ ♣♣♣...≈..≈...♣
....§♣♣♣♣ ♣≈≈.≈♣..≈..♣
≈≈....♣≈♣ ♣♣..♣♣♣♣.≈.♣♣
§≈≈..≈≈♣ ... ♣♣♣♣ ♣.≈..♣
≈≈≈....♣♣... ♣♣≈≈♣♣
≈≈≈.≈.≈....≈ ♣♣♣♣


You could see Nikola (fast).

Vanquished Creatures
  A thorn hunter (Swamp:1)
  An orc warlord (Orc:2)
  A juggernaut zombie (D:15)
  2 eleionomae (Swamp:1)
  A dire elephant (Lair:6)
  A minotaur (Gauntlet)
  The ghost of p0werm0de the Cleaver, a journeyman PaCK of Xom (D:13)
  A quicksilver dragon zombie (D:15)
  Josephine (Lair:6)
  12 hydras
  A vault guard (D:13)
  2 boulder beetles
  A ghost crab (Swamp:1)
  Erica (D:8)
  A catoblepas (Gauntlet)
  9 two-headed ogres
  2 centaur warriors
  2 death knights
  6 tengu warriors
  5 death yaks
  A vampire mage (D:15)
  3 orc high priests
  A goliath frog (Swamp:1)
  2 spriggan druids (Swamp:1)
  A skeletal warrior (D:15)
  2 lindwurms (Lair:6)
  A phantasmal warrior (D:14)
  A necromancer (D:15)
  A deep elf pyromancer (D:15)
  6 orc sorcerers
  A tengu zombie (D:15)
  2 orc knights
  A harpy (shapeshifter) (D:14)
  7 ugly things (D:14)
  5 cyclopes
  4 manticores
  A manticore (shapeshifter) (D:13)
  Maurice (D:13)
  A will-o-the-wisp (Swamp:1)
  7 elephants
  Joseph (D:9)
  4 black mambas
  A molten gargoyle (Volcano)
  3 torpor snails
  2 unseen horrors (D:11)
  13 cane toads
  6 gargoyles
  Psyche (D:9)
  An efreet (D:15)
  6 komodo dragons
  A freezing wraith (D:12)
  A tengu conjurer (D:13)
  A tyrant leech (Swamp:1)
  A meliai (shapeshifter) (D:11)
  6 trolls
  A guardian mummy (D:15)
  5 polar bears (Lair:6)
  Prince Ribbit (D:4)
  4 hornets (Swamp:1)
  A wolf spider simulacrum (Gauntlet)
  2 slime creatures (D:13)
  10 dream sheep
  17 blink frogs
  A centaur simulacrum (Gauntlet)
  4 spriggans (Swamp:1)
  3 wyverns
  A fire bat (Lair:1)
  8 wraiths
  2 basilisks
  28 yaks
  A steam dragon (D:6)
  2 vampire mosquitoes (D:12)
  7 wargs
  2 swamp worms (Swamp:1)
  2 acid dragons
  8 water moccasins
  11 hell hounds (Lair:6)
  A swamp drake (Swamp:1)
  A floating eye (Gauntlet)
  34 orc warriors
  11 black bears
  A sky beast (D:5)
  4 necrophages
  8 ogres
  27 wolves
  8 centaurs
  11 bullfrogs
  A gnoll sergeant (D:7)
  4 scorpions
  4 water moccasin zombies
  6 killer bees (D:7)
  A water moccasin skeleton (D:5)
  11 wights
  An electric eel (Lair:3)
  4 howler monkeys
  2 centaur zombies
  2 hounds (D:5)
  2 jellies
  A human zombie (D:4)
  28 orc priests
  Terence (D:3)
  Jessica (D:2)
  2 iguanas (D:7)
  4 hell rats (Lair:6)
  16 orc wizards
  A killer bee zombie (D:7)
  A hound zombie (D:4)
  A hound skeleton (D:4)
  5 mummies
  Robin (D:4)
  A howler monkey zombie (D:9)
  17 gnolls
  10 adders
  A shadow imp (D:6)
  4 white imps
  2 ufetubi
  4 adder zombies
  2 adder skeletons
  3 dart slugs
  100 orcs
  4 bats
  5 endoplasms
  5 giant cockroaches
  4 gnoll zombies (Ossuary)
  22 goblins
  23 hobgoblins
  11 kobolds
  A quokka (D:2)
  9 ball pythons
  5 frilled lizards
  6 hobgoblin zombies (Ossuary)
  4 kobold zombies (Ossuary)
  2 orc zombies (Ossuary)
  A quokka skeleton (D:4)
  A quokka zombie (D:5)
  3 rats
  A rat zombie (D:5)
  A spectral goblin (D:5)
728 creatures vanquished.

Vanquished Creatures (collateral kills)
  A juggernaut zombie (D:15)
  Nessos (D:15)
  3 vault guards (D:13)
  A boulder beetle (D:15)
  4 centaur warriors
  3 hydras
  2 catoblepae (Lair:6)
  3 two-headed ogres
  3 orc high priests (Orc:2)
  Nergalle (D:11)
  3 skeletal warriors (D:15)
  An orange crystal statue (D:13)
  A deep elf pyromancer (D:15)
  3 ugly things
  A phantasmal warrior (D:14)
  4 orc knights
  3 elephants
  A manticore (D:13)
  6 cane toads
  An eye of devastation (Gauntlet)
  A gargoyle (Gauntlet)
  3 rime drakes
  4 komodo dragons
  A tengu conjurer (D:13)
  4 polar bears (Lair:6)
  3 trolls
  A raiju (Lair:6)
  A snapping turtle (shapeshifter) (D:14)
  5 slime creatures (D:13)
  4 blink frogs (Lair:4)
  A meliai zombie (D:11)
  13 yaks
  A shadow (D:11)
  4 wraiths
  2 wyverns
  2 redbacks (Lair:4)
  2 vampire mosquitoes
  A basilisk (Lair:6)
  2 fire bats (Lair:1)
  A redback simulacrum (Gauntlet)
  A steam dragon (D:9)
  2 wargs (Orc:2)
  5 water moccasins
  An acid dragon (D:13)
  A hydra simulacrum (Gauntlet)
  3 hell hounds (Lair:6)
  11 orc warriors
  4 black bears (Lair:6)
  4 ogres
  21 wolves
  4 centaurs
  6 bullfrogs
  A hornet simulacrum (D:13)
  A wight (D:8)
  A centaur zombie (D:10)
  6 orc priests
  An orc wizard (Orc:1)
  A hell rat (Lair:6)
  5 orcs
181 creatures vanquished.

Vanquished Creatures (others)
  A bloated husk (Swamp:1)
  A warg (Orc:2)
  An orc warrior (Orc:2)
  2 ancestors
  18 knights
  4 foxfires (Swamp:1)
  36 fungi
  51 plants
  9 withered plants (D:15)
123 creatures vanquished.

Grand Total: 1032 creatures vanquished

Notes
Turn   | Place    | Note
-------+----------+-------------------------------------------
     0 | D:1      | wakim the Tengu Air Elementalist began the quest for the
                  | Orb.
     0 | D:1      | Reached XP level 1. HP: 10/10 MP: 4/4
   216 | D:1      | Found Gerr's Book Emporium.
   257 | D:1      | Reached XP level 2. HP: 15/15 MP: 4/6
   571 | D:1      | Found a faded altar of an unknown god.
   863 | D:2      | Reached XP level 3. HP: 19/19 MP: 4/7
  1080 | D:2      | Reached skill level 5 in Air Magic
  1083 | D:2      | Learned a level 2 spell: Static Discharge
  1363 | D:2      | Identified the +6 ring mail "Lacorode" {rC+}
  1974 | D:2      | Noticed Jessica
  1984 | D:2      | Killed Jessica
  1985 | D:2      | Reached XP level 4. HP: 17/24 MP: 8/8
  2051 | D:2      | Upgraded the game from 0.28-a0-1412-gf95308ed99 to
                  | 0.28-a0-1415-g7c84da036a
  2051 | D:2      | Upgraded the game from 0.28-a0-1415-g7c84da036a to
                  | 0.28-a0-1429-gf3d713df7a
  2058 | D:3      | Learned a level 4 spell: Airstrike
  2088 | D:3      | Reached skill level 1 in Armour
  2238 | D:3      | Found an opulent altar of Gozag.
  2481 | D:3      | Noticed Terence
  2505 | D:3      | Killed Terence
  2506 | D:3      | Reached skill level 6 in Air Magic
  2506 | D:3      | Gained mutation: Your magical nature lets you fly swiftly
                  | and evasively. [Tengu growth]
  2506 | D:3      | Reached XP level 5. HP: 15/28 MP: 1/9
  2997 | D:4      | Identified the +0 helmet "Nedi" {*Corrode Slay+5}
  2997 | D:4      | Noticed Robin
  3026 | D:4      | Killed Robin
  3124 | D:4      | !bestwep
  3124 | D:4      | !bestwep
  3307 | D:4      | Reached XP level 6. HP: 29/32 MP: 5/10
  3341 | D:4      | Reached skill level 7 in Air Magic
  3373 | D:4      | Noticed a necrophage
  3377 | D:4      | Killed a necrophage
  3380 | D:4      | Found a basalt altar of Yredelemnul.
  3381 | D:4      | Noticed a necrophage
  3389 | D:4      | Killed a necrophage
  3390 | D:4      | Reached XP level 7. HP: 26/36 MP: 1/11
  3398 | D:4      | Reached skill level 8 in Air Magic
  3411 | D:4      | Reached skill level 5 in Conjurations
  4462 | D:4      | Reached skill level 9 in Air Magic
  4695 | D:4      | Learned a level 3 spell: Swiftness
  4696 | D:5      | Entered Level 5 of the Dungeon
  4709 | D:5      | Reached XP level 8. HP: 31/41 MP: 3/12
  4715 | D:5      | Noticed Prince Ribbit
  4782 | D:5      | Found a sand-covered staircase.
  4832 | Ossuary  | Entered an ossuary
  5070 | D:5      | Reached skill level 10 in Air Magic
  5588 | D:5      | Found a broken altar of Ashenzari.
  5675 | D:5      | Reached skill level 11 in Air Magic
  5882 | D:5      | Found a shimmering altar of Xom.
  5980 | D:5      | Found a bloodstained altar of Trog.
  5995 | D:5      | Reached XP level 9. HP: 45/45 MP: 13/13
  6065 | D:5      | Found a hazy altar of Hepliaklqana.
  6076 | D:5      | Became a worshipper of Hepliaklqana the Forgotten
  6513 | D:6      | Reached skill level 12 in Air Magic
  7258 | D:7      | Found a snail-covered altar of Cheibriados.
  7506 | D:7      | !bestwep
  7710 | D:7      | Reached skill level 13 in Air Magic
  7715 | D:7      | Reached XP level 10. HP: 45/50 MP: 8/18
  7721 | D:7      | Found a hide-covered altar of Uskayaw.
  7920 | D:7      | Reached * piety under Hepliaklqana
  7938 | D:7      | Reached skill level 5 in Spellcasting
  7938 | D:7      | Reached skill level 10 in Conjurations
  8702 | D:8      | Noticed a two-headed ogre
  8733 | D:8      | Killed a two-headed ogre
  8848 | D:8      | Reached skill level 14 in Air Magic
  8865 | D:8      | Found a blossoming altar of Fedhas.
  9039 | D:8      | Reached ** piety under Hepliaklqana
  9265 | D:8      | Noticed Erica
  9599 | D:8      | Remembered your ancestor Shatamurrim as a knight
  9666 | D:8      | Killed Erica
  9865 | D:9      | Found a shadowy altar of Dithmenos.
 10083 | D:9      | Noticed Joseph
 10092 | D:9      | Killed Joseph
 10143 | D:9      | Reached skill level 15 in Air Magic
 10321 | D:9      | Reached XP level 11. HP: 37/48 MP: 19/19
 10570 | D:9      | Found a staircase to the Lair.
 10936 | D:9      | Noticed Psyche
 10955 | D:9      | Killed Psyche
 11084 | D:9      | Found a sparkling altar of Nemelex Xobeh.
 11124 | Lair:1   | Entered Level 1 of the Lair of Beasts
 11148 | Lair:1   | Reached skill level 1 in Fighting
 11156 | Lair:1   | Reached skill level 1 in Invocations
 11520 | Lair:1   | Noticed a five-headed hydra
 11532 | Lair:1   | Killed a five-headed hydra
 11533 | Lair:1   | Reached skill level 5 in Armour
 11719 | Lair:1   | Reached *** piety under Hepliaklqana
 12028 | Lair:2   | Noticed a seven-headed hydra
 12091 | Lair:2   | You are sucked into a shaft and drop 1 floor!
 12103 | Lair:3   | Found a staircase to the Swamp.
 12538 | Lair:2   | Reached XP level 12. HP: 41/60 MP: 7/20
 12755 | Lair:1   | Reached skill level 5 in Fighting
 12828 | Lair:2   | Killed a seven-headed hydra
 12961 | Lair:2   | Reached skill level 5 in Invocations
 13750 | Lair:3   | Reached **** piety under Hepliaklqana
 14071 | Lair:4   | Noticed a five-headed hydra
 14096 | Lair:4   | Killed a five-headed hydra
 14295 | Lair:4   | Found a hole to the Spider Nest.
 14569 | Lair:4   | Noticed a seven-headed hydra
 14576 | Lair:4   | Killed a seven-headed hydra
 14595 | Lair:4   | Found a transporter.
 14597 | Lair:4   | Found a transporter.
 14836 | D:1      | Bought a Young Poisoner's Handbook for 240 gold pieces
 14836 | D:1      | Bought a Trismegistus Codex for 336 gold pieces
 14840 | D:1      | Learned a level 3 spell: Mephitic Cloud
 14846 | D:1      | Learned a level 5 spell: Freezing Cloud
 15086 | Lair:4   | Noticed a six-headed hydra
 15095 | Lair:4   | Killed a six-headed hydra
 15096 | Lair:4   | Reached XP level 13. HP: 70/70 MP: 7/21
 15825 | Lair:4   | Reached skill level 1 in Ice Magic
 16041 | Lair:5   | Reached skill level 16 in Air Magic
 16340 | Lair:5   | Reached ***** piety under Hepliaklqana
 16486 | Lair:5   | Found a dark tunnel.
 16499 | Volcano  | Entered a volcano
 17395 | Lair:6   | Entered Level 6 of the Lair of Beasts
 17439 | Lair:6   | Noticed Josephine
 17496 | Lair:6   | Killed Josephine
 17663 | Lair:6   | Reached XP level 14. HP: 75/75 MP: 16/26
 17805 | Lair:6   | Identified the +3 trident "Ritreutz" {drain, rPois rCorr}
 18087 | Lair:6   | Reached skill level 17 in Air Magic
 18270 | Lair:6   | Reached skill level 15 in Conjurations
 18467 | Lair:6   | Found the +8 storm bow {elec, penet}
 18468 | Lair:6   | Noticed a dire elephant
 18474 | Lair:6   | Reached skill level 5 in Ice Magic
 18533 | Lair:6   | Killed a dire elephant
 19300 | Lair:6   | Reached skill level 18 in Air Magic
 19995 | Lair:6   | Found a viscous altar of Jiyva.
 19996 | Lair:6   | Found a staircase to the Slime Pits.
 20222 | D:8      | !bestwep
 20528 | D:4      | Killed Prince Ribbit
 20734 | D:10     | Entered Level 10 of the Dungeon
 20753 | D:10     | Reached XP level 15. HP: 79/79 MP: 28/28
 20853 | D:10     | Found a glowing golden altar of the Shining One.
 20895 | D:10     | Reached skill level 1 in Bows
 20935 | D:10     | Found an ornate altar of the Wu Jian Council.
 21917 | D:11     | !bestwep
 22323 | D:11     | Noticed Nergalle
 22325 | D:11     | Killed Nergalle
 22626 | D:12     | Identified the +2 leather armour "Bouhugho" {rF+ Regen+
                  | Str+4}
 22679 | D:12     | Found Labraaro's Armour Shop.
 22762 | D:12     | Found a staircase to the Orcish Mines.
 22821 | D:12     | Reached ****** piety under Hepliaklqana
 23748 | D:13     | Reached skill level 5 in Bows
 23820 | D:13     | HP: 1/81 [centaur warrior/arrow (5)]
 23846 | D:13     | Found a gate leading to a gauntlet.
 23852 | Gauntlet | Entered a Gauntlet
 23852 | Gauntlet | Found a transporter.
 23888 | Gauntlet | Found a transporter.
 23888 | Gauntlet | Found the +5 robe of Misfortune {Harm *Corrode *Slow EV+5}
 23890 | Gauntlet | Found a transporter.
 23901 | Gauntlet | Found a transporter.
 23904 | Gauntlet | Found a transporter.
 23917 | Gauntlet | Found a transporter.
 23939 | Gauntlet | Found a transporter.
 23950 | Gauntlet | Found a transporter.
 23961 | Gauntlet | Found a transporter.
 23972 | Gauntlet | Found a runed translucent door.
 23972 | Gauntlet | Found a runed translucent door.
 23984 | Gauntlet | Found a transporter.
 23998 | Gauntlet | Found a transporter.
 23998 | Gauntlet | Found a transporter.
 24066 | Gauntlet | Found a transporter.
 24069 | Gauntlet | Found a transporter.
 24389 | Gauntlet | Identified the ring of Pomeola {rF+ Int+3}
 24497 | Gauntlet | HP: 4/82 [cloud of freezing vapour (7)]
 24652 | D:13     | Found a gate to the Vaults.
 24676 | D:13     | Reached skill level 10 in Fighting
 25654 | D:13     | Found a transporter.
 25658 | D:13     | Noticed p0werm0de's ghost (journeyman PaCK)
 25658 | D:13     | Identified the +7 giant club of Sulphur {freeze, rElec
                  | Int+2}
 25854 | D:13     | Noticed Maurice
 25856 | D:13     | Killed Maurice
 26191 | Orc:1    | Entered Level 1 of the Orcish Mines
 26574 | Orc:2    | Entered Level 2 of the Orcish Mines
 27860 | Orc:2    | Reached XP level 16. HP: 90/90 MP: 27/29
 27903 | Orc:2    | Found Vyfeah's General Store.
 27944 | Orc:2    | Bought a scroll of blinking for 105 gold pieces
 27944 | Orc:2    | Bought a scroll of fog for 28 gold pieces
 27952 | Orc:2    | Found Terat's Armour Shoppe.
 28372 | Orc:2    | Found a staircase to the Elven Halls.
 28839 | Orc:2    | Found Uvvir's Weapon Shoppe.
 28880 | Orc:2    | Reached skill level 10 in Invocations
 28951 | Orc:2    | Found Denikh's Jewellery Boutique.
 29433 | D:13     | Found a transporter.
 29473 | D:13     | Killed p0werm0de's ghost
 29891 | D:14     | Found a transporter.
 29900 | D:14     | Noticed Ziatichuqu's ghost (journeyman DsFi)
 29913 | D:14     | Found a transporter.
 29914 | D:14     | Identified the +1 long sword of Meotutom {spect, rPois rF+
                  | Dex-3}
 29922 | D:14     | Found the +3 crown of Dyrovepreva {rElec Int+2 SInv}
 30048 | D:14     | Reached skill level 10 in Bows
 30840 | D:14     | Found Hukeung's Firing Range.
 30845 | D:14     | !bestwep
 30866 | D:15     | Entered Level 15 of the Dungeon
 30877 | D:15     | Found Latoh's Distillery.
 30885 | D:15     | Bought a potion of magic for 144 gold pieces
 30885 | D:15     | Bought a potion of heal wounds for 90 gold pieces
 31234 | D:15     | Found a shimmering blue altar of Sif Muna.
 31430 | D:15     | Noticed Nessos
 31443 | D:15     | Killed Nessos
 31980 | D:15     | Found a staircase to the Depths.
 32241 | D:15     | Found a portal to a secret trove of treasure.
 32594 | D:15     | Learned a level 2 spell: Poisonous Vapours
 32598 | D:15     | Learned a level 3 spell: Ignite Poison
 32855 | Swamp:1  | Entered Level 1 of the Swamp
 32860 | Swamp:1  | Reached XP level 17. HP: 95/95 MP: 22/30
 33077 | Swamp:1  | Identified the +1 buckler "Yra Yrus" {Will+ rCorr Str+4}
 33081 | Swamp:1  | Reached skill level 1 in Fire Magic
 33082 | Swamp:1  | Reached skill level 1 in Poison Magic
 33160 | Swamp:1  | Reached skill level 1 in Transmutations
 33540 | Swamp:1  | Noticed Nikola
 33672 | Swamp:1  | Killed from afar by Nikola

Illustrated notes #.# #####.# #.## #####..##.## ###..## #####......###.## ..###.###.....##...# ##.######### ### ##......####...# #.........# #....### #<.## ##.######## #).### #†.# ##..# #..# #..# ##...# #..# ##@.###....# #..# #.†.##..(#.## ######..# ##...#..###..# #.......## ##......## ##.# .........# #...)..## #.## ### ########.####...g.## #..###.# #..##....)########..##..# ###..................##..# * ****#........................# Turn 3124 on D:4: !bestwep

.##.########......####### #.....
.......# #......# #..... .......#
#......# #..... .......# #......#
#..... ###.########......####
#####.....
###.#.......#'#......###...######
#...#.....#...#......#.....#.....
#...'.....#..♣♣♣♣♣♣♣♣♣.....#.....
#...#.....#.♣.†.@.....♣....#.....
#...#.....#+♣.≈≈≈≈≈≈≈.♣###g######
#...#.......♣≈..≈≈≈..≈♣..........
#...#.......♣≈.≈...≈.≈♣........).
#...#.......♣≈.≈._.≈.≈♣..........
....#.......♣≈.≈...≈.≈♣..........
....#.......♣≈..≈≈≈..≈♣..........
♣.≈≈≈≈≈≈≈.♣..........
♣.........♣..........


Turn 7506 on D:7: !bestwep #..# #.<........... #..# #.....######## #..# #.....#
#..# ###.### #..# ###...###### #..# #...#..(...# #..# #.#...####.#
#..########.##.## #.# #.......@...#z.[## #.# ######.#####.#.#.###.####
#.........##.##..... #######.###.######## ##.#)## ##.## ### Turn 20222 on D:8:
!bestwep #........# #........# #........# #######'## #..(# ##.### #..# ####R####
#...@...# #.......# #.......# #.......+ #.......# #....>..# #.......# ##+######
Turn 21917 on D:11: !bestwep ####### #.....# #####.....# #.........# #.##@##...#
#...#...# #...#...# #(.(#...# #((.#..############ #(..#..............
#888#...########### #####...# #.......# #### Turn 30845 on D:14: !bestwep

Levels and vault maps discovered:
D:1:      eino_arrival_water_star, layout_rooms, serial_shops, shop,
          hellmonk_ecumenical_altar_lost_god
D:2:      wad_river_or_something, layout_loops_ring, serial_forest,
          infiniplex_forest_lined_room_, infiniplex_forest_corner_1,
          infiniplex_forest_clump_tiny, infiniplex_forest_clump_medium,
          infiniplex_forest_lined_2, infiniplex_forest_corner_1,
          infiniplex_forest_lined_corner, hangedman_decor_growths,
          kennysheep_jessica_study, uniq_jessica
D:3:      layout_loops_cross, grunt_gozag_breadcrumbs, uniq_terence
D:4:      layout_layer_cave, lemuel_mausoleum_altar_yredelemnul,
          eino_small_chamber_without_monster, minmay_box_of_dots, uniq_robin
D:5:      corexii_shantytown, layout_loops_ring,
          mainiacjoe_overflow_six_doors_small, mainiacjoe_overflow_boulevard,
          nicolae_hepliaklqana_monster_ancestors, mainiacjoe_overflow_alcove_4,
          enter_ossuary_4, kennysheep_minor_cross, uniq_prince_ribbit1
D:6:      layout_loops_cross, minmay_temple_entry_from_below_a
D:7:      layout_gridville, eat_drink_and_be_merry_uskayaw,
          mainiacjoe_overflow_paths, item_on_display_a
D:8:      layout_loops_ring, mainiacjoe_overflow_brackets, uniq_erica
D:9:      layout_basic, lemuel_crystal_altar, nemelex_spade_bored_becter,
          dpeg_oklobed_lair, uniq_joseph, uniq_psyche
D:10:     layout_irregular_city, mainiacjoe_overflow_catch_the_wave
D:11:     layout_roguey, kennysheep_diamond, evilmike_butchery, uniq_nergalle
D:12:     layout_roguey, orc_david_3, minmay_misc_feat_diagonals
D:13:     layout_layer_cave, lightli_vaults_fourway_checkpoint,
          gauntlet_entry_generic, gammafunk_ghost_smash, minivault_16,
          uniq_maurice
D:14:     layout_basic, gammafunk_ghost_stat_death, nicolae_shop_firing_range
D:15:     gammafunk_depths_entry_grave, layout_layer_cave,
          nicolae_trove_entry_free_sample, serial_shops, nicolae_lakefront_shop,
          nicolae_sif_muna_condensation, uniq_nessos
Lair:1:   layout_gridlike, infiniplex_staircase_pool_2
Lair:2:   layout_roguey, infiniplex_staircase_pool
Lair:3:   layout_regular_city, swamp_mist_pool
Lair:4:   gammafunk_boulding_lane, layout_regular_city, spider_nest_entry_webs,
          grunt_megastairs_5
Lair:5:   cheibrodos_lair_river_kwai, layout_hall_layers, enter_volcano_2,
          patterned_corridor
Lair:6:   hangedman_lair_in_review, layout_hall_layers,
          hangedman_lair_caniforms_friends, dpeg_slime_entry_enclosed_altar,
          lemuel_fruit_tree, uniq_josephine
Swamp:1:  layout_basic_swamp, evilmike_swamp_ruin_house_6, swamp_pool1,
          uniq_nikola
Orc:1:    layout_caves
Orc:2:    pubby_orc_utopia

Skill      XL: |  1  2  3  4  5  6  7  8  9 10 11 12 13 14 15 16 17 |
---------------+----------------------------------------------------+-----
Conjurations   | 2 3 4 5 7 9 12 13 14 16 | 16.3
Air Magic      | 5 6 7 9 11 13 15 16 18 | 18.6
Armour         | 1 2 3 4 6 8 |  8.0
Spellcasting   | 4 5 7 8 |  8.0
Fighting       | 4 8 11 12 | 12.0
Invocations    | 4 7 9 11 12 | 12.0
Ice Magic      | 3 6 |  6.0
Bows           | 8 11 | 11.9
Fire Magic     | 1 |  1.9
Poison Magic   | 1 |  1.6
Transmutations | 1 |  1.3
Dodging        | |  2.1
Stealth        | |  2.0

Action                   |  1- 3 |  4- 6 |  7- 9 | 10-12 | 13-15 | 16-18 || total
-------------------------+-------+-------+-------+-------+-------+-------++-------
Melee: Short sword       |    21 |     4 |       |       |       |       ||    25
       Kick              |     6 |    15 |    45 |    93 |    72 |       ||   231
       Peck              |     1 |     4 |    22 |    49 |    59 |       ||   135
       Whip              |       |    32 |   151 |    32 |       |       ||   215
       Trident           |       |       |       |   275 |   245 |       ||   520
       Punch             |       |       |       |     6 |     2 |       ||     8
 Fire: Longbow           |       |       |       |       |   294 |   345 ||   639
 Cast: Shock             |    58 |    59 |   151 |    36 |     3 |       ||   307
       Static Discharge  |       |     9 |    30 |    23 |     1 |       ||    63
       Airstrike         |       |       |    13 |    68 |    19 |       ||   100
       Swiftness         |       |       |       |     1 |       |     1 ||     2
       Freezing Cloud    |       |       |       |     1 |   142 |    67 ||   210
       Mephitic Cloud    |       |       |       |       |    10 |     6 ||    16
       Poisonous Vapours |       |       |       |       |       |    10 ||    10
       Ignite Poison     |       |       |       |       |       |     6 ||     6
Invok: Recall Ancestor   |       |       |       |    12 |    13 |     3 ||    28
       Ancestor Life: Kn |       |       |       |     1 |       |       ||     1
       Transference      |       |       |       |     4 |     2 |     1 ||     7
       Idealise          |       |       |       |       |       |     5 ||     5
Evoke: Wand              |       |       |     1 |       |       |       ||     1
  Use: Scroll            |       |     9 |    10 |     9 |     3 |     5 ||    36
       Potion            |       |       |       |     4 |     2 |     3 ||     9
 Stab: Sleeping          |     1 |       |     3 |     1 |     1 |       ||     6
       Distracted        |       |       |       |     1 |     2 |       ||     3
       Confused          |       |       |       |       |     2 |       ||     2
       Petrified         |       |       |       |       |     7 |       ||     7
Armor: Robe              |     6 |       |       |       |       |       ||     6
       Ring mail         |     8 |    25 |    84 |   150 |   159 |    33 ||   459
Dodge: Dodged            |    21 |    26 |   116 |   214 |   309 |    55 ||   741

Table legend: (Time is in decaauts)
 A = Elapsed time spent in this place.
 B = Non-inter-level travel time spent in this place.
 C = Inter-level travel time spent in this place.
 D = Time resting spent in this place.
 E = Time spent auto-exploring this place.
 F = Levels seen in this place.
 G = Mean time per level.
                   A        B        C        D        E       F      G
               +--------+--------+--------+--------+--------+-----+--------+
         Total |  32145 |  29701 |   2444 |   1538 |  17066 |  27 | 1190.6 |
       Dungeon |  19221 |  17445 |   1776 |    869 |   9674 |  15 | 1281.4 |
          Lair |   7954 |   7425 |    529 |    295 |   4302 |   6 | 1325.7 |
         Swamp |    795 |    795 |      0 |     64 |    597 |   1 |  795.0 |
  Orcish Mines |   2824 |   2687 |    137 |     93 |   1927 |   2 | 1412.0 |
       Ossuary |    169 |    169 |      0 |      0 |     42 |   1 |  169.0 |
       Volcano |    460 |    460 |      0 |     57 |    245 |   1 |  460.0 |
      Gauntlet |    720 |    720 |      0 |    160 |    277 |   1 |  720.0 |
               +--------+--------+--------+--------+--------+-----+--------+

Top non-repeatable levels by time:
  Lair:6: 2506 daAuts
   Orc:2: 2297 daAuts
    D:13: 1929 daAuts
     D:4: 1880 daAuts
    D:15: 1584 daAuts
     D:5: 1485 daAuts
     D:7: 1452 daAuts
     D:9: 1381 daAuts
     D:2: 1380 daAuts
  Lair:4: 1355 daAuts
    D:14: 1320 daAuts
    D:12: 1311 daAuts
     D:8: 1230 daAuts
  Lair:2: 1095 daAuts
  Lair:5: 1073 daAuts
